 Dungeon Crawl Stone Soup version 0.19.1-1-g22dce08 (webtiles) character file.

9409 ImaNewbie the Covert (level 11, -9/47 HPs)
             Began as a Spriggan Enchanter on Jan 11, 2017.
             Was a High Priest of Okawaru.
             Mangled by an orc warrior
             ... wielding a +0 long sword
             ... led by an orc knight
              (18 damage)
             ... on level 1 of the Orcish Mines.
             The game lasted 00:50:34 (12936 turns).

ImaNewbie the Covert (Spriggan Enchanter)          Turns: 12936, Time: 00:50:35

Health: -9/47      AC:  6    Str:  4    XL:     11   Next: 22%
Magic:  23/26      EV: 27    Int: 17    God:    Okawaru [*****.]
Gold:   979        SH:  0    Dex: 20    Spells: 6 memorised, 15 levels left

rFire  . . .     SeeInvis +     B - +2 rapier (venom)
rCold  . . .     Gourm    .     b - +1 robe
rNeg   . . .     Faith    .     (shield restricted)
rPois  .         Spirit   .     S - +1 hat
rElec  .         Reflect  .     v - +1 cloak
rCorr  .         Harm     .     (gloves unavailable)
MR     +....                    (boots unavailable)
Stlth  +++++.....               (no amulet)
                                (no ring)
                                (no ring)

@: very quick
A: unfitting armour, see invisible, herbivore 3, speed 3, slow metabolism 2
a: Heroism, Finesse, Renounce Religion


You were on level 1 of the Orcish Mines.
You worshipped Okawaru.
Okawaru was extremely pleased with you.
You were not hungry.

You visited 3 branches of the dungeon, and saw 13 of its levels.

You collected 979 gold pieces.

Inventory:

Hand Weapons
 a - a +0 dagger of holy wrath
 B - a +2 rapier of venom (weapon)
 E - a +0 shortbow
 J - a +3 dagger of chaos
Missiles
 e - 184 arrows
 m - 25 poisoned needles
Armour
 b - a +1 robe (worn)
 v - a +1 cloak (worn)
 S - a +1 hat (worn)
Wands
 p - a wand of flame (31/48)
 s - a wand of polymorph (10/24)
 z - a wand of random effects (33/48)
 C - a wand of paralysis (13/24)
 K - a wand of slowing (5/48)
 N - a wand of flame (29/48)
 O - a wand of disintegration (7/24)
 P - a wand of slowing (16/48)
Scrolls
 g - 4 scrolls of enchant weapon
 i - 3 scrolls of fear {unknown}
 k - 7 scrolls of remove curse
 r - 2 scrolls of identify
 w - a scroll of enchant armour
 x - 3 scrolls of recharging
 y - 2 scrolls of amnesia
 G - a scroll of fog
 L - 2 scrolls of teleportation
 M - 2 scrolls of blinking {unknown}
 Q - a scroll of torment {unknown}
 R - a scroll of magic mapping {unknown}
Potions
 f - 3 potions of invisibility
 h - 3 potions of brilliance
 j - 5 potions of heal wounds {unknown}
 l - a potion of cure mutation {unknown}
 n - 2 potions of flight
 q - a potion of lignification {unknown}
 t - a potion of degeneration {unknown}
 u - 2 potions of ambrosia {unknown}
 A - 3 potions of curing {unknown}
 F - a potion of magic {unknown}
Books
 c - a book of Maledictions

   Spells                             Type                      Level
   a - Corona                         Hexes                        1
   b - Ensorcelled Hibernation        Hexes/Ice                    2
   c - Confuse                        Hexes                        3
   d - Tukima's Dance                 Hexes                        3
   e - Dazzling Spray                 Conjuration/Hexes            3
 D - a book of Flames

   Spells                             Type                      Level
   a - Flame Tongue                   Conjuration/Fire             1
   b - Throw Flame                    Conjuration/Fire             2
   c - Conjure Flame                  Conjuration/Fire             3
   d - Inner Flame                    Hexes/Fire                   3
   e - Sticky Flame                   Conjuration/Fire             4
   f - Fireball                       Conjuration/Fire             5
 H - a book of Frost

   Spells                             Type                      Level
   a - Freeze                         Ice                          1
   b - Throw Frost                    Conjuration/Ice              2
   c - Ozocubu's Armour               Charms/Ice                   3
   d - Throw Icicle                   Conjuration/Ice              4
   e - Summon Ice Beast               Ice/Summoning                4
Comestibles
 d - 7 bread rations
 o - 8 fruits
 I - 11 slices of pizza


   Skills:
 + Level 8.7 Short Blades
 + Level 10.2 Dodging
 + Level 11.2 Stealth
 - Level 10.0 Spellcasting
 - Level 9.0 Hexes
 - Level 7.7 Charms
 - Level 2.9 Ice Magic
 - Level 1.1 Evocations


You had 15 spell levels left.
You knew the following spells:

 Your Spells              Type           Power        Failure   Level  Hunger
a - Ensorcelled Hibernat  Hex/Ice        ####..       1%          2    None
b - Corona                Hex            #####..      1%          1    None
c - Confuse               Hex            #####...     1%          3    None
d - Tukima's Dance        Hex            #####...     1%          3    None
e - Ozocubu's Armour      Chrm/Ice       ####....     3%          3    None
f - Dazzling Spray        Conj/Hex       ###...       4%          3    None


Dungeon Overview and Level Annotations

Branches:
Dungeon (10/15)            Temple (1/1) D:6            Lair (0/6) D:10
    Orc (2/2) D:9
    Elf: Orc:2

Altars:
Ashenzari
Cheibriados
Dithmenos
Elyvilon
Fedhas
Gozag
Hepliaklqana
Kikubaaqudgha
Makhleb
Nemelex Xobeh
Okawaru
Qazlal
Ru
Sif Muna
Trog
Uskayaw
Vehumet
Xom
Yredelemnul
Zin
The Shining One
Lugonu

Shops:
D:4 }   D:8 [   D:10 [

Annotations:
D:5 exclusion: downstairs
D:9 eXcel's ghost, novice MiGl


Innate Abilities, Weirdness & Mutations

You are very small and have problems with some larger weapons.
You are too small for most types of armour.
You have supernaturally acute eyesight. (SInv)
You are a herbivore.
You cover ground extremely quickly.
You need consume almost no food.


Message History

Press: ? - help, Shift-Dir - straight line, f - orc sorcerer
Aim: an orc sorcerer, wielding a dagger and wearing a robe (chance to defeat MR: 40%)
The orc sorcerer resists with some effort.
The orc warrior barely misses you.
Casting: Ensorcelled Hibernation
Confirm with . or Enter, or press ? or * to list all spells.
Aiming: Ensorcelled Hibernation
Press: ? - help, Shift-Dir - straight line, f/p - orc sorcerer
Aim: an orc sorcerer, wielding a dagger and wearing a robe (chance to defeat MR: 40%)
The orc sorcerer resists with some effort.
The orc warrior hits you with a long sword!
The orc warrior misses you.
The orc sorcerer points at you and mumbles some strange words.
The bolt of fire hits you!
Ouch! That really hurt!
* * * LOW HITPOINT WARNING * * *
You climb upwards.
There is a stone staircase leading down here.
The orc warrior hits you with a long sword!!
You die...

#.........................#
##.##....#......@........##
#................o.......#
##.......#.......o.......##
####.............†...)....#
.#.##.#.........).#......##
.......##.......>........#
.#....#.#......#.[.......##
##...............[........#
#.....#..........)....##.##
##.#.##...)[....[<....####
#######.........###.##
##.##...#....##.##
#................#
##..#...#.#..##.##
#.....########## ##.#.##


You could see 2 orc warriors.

Vanquished Creatures
  A hill giant (D:10)
  An ugly thing (D:9)
  Psyche (D:8)
  3 trolls
  A polar bear (D:8)
  3 two-headed ogres
  Sigmund (D:3)
  A human (D:7)
  2 hogs (D:7)
  2 yaks (D:7)
  Eustachio (D:4)
  A hungry ghost (D:10)
  3 wargs
  Menkaure (D:6)
  A water moccasin (D:6)
  2 ice beasts
  3 sky beasts
  4 orc warriors
  10 ogres
  2 wolves (D:8)
  4 centaurs
  A bullfrog (D:6)
  A wyvern zombie (D:10)
  2 scorpions
  4 killer bees (D:8)
  4 wights (D:7)
  An electric eel (D:8)
  3 howler monkeys
  A crimson imp (D:7)
  3 centaur zombies
  A bullfrog zombie (D:8)
  7 hounds
  A jelly (D:8)
  6 orc priests
  Crazy Yiuf (D:3)
  9 orc wizards
  3 iguanas
  A bullfrog skeleton (D:10)
  7 worker ants
  A hell rat (D:8)
  A hound skeleton (D:10)
  2 howler monkey zombies (D:7)
  7 gnolls
  12 adders
  7 river rats (D:8)
  A shadow imp (D:8)
  A white imp (D:8)
  An adder zombie (D:8)
  An adder skeleton (D:7)
  A worm (D:3)
  3 dart slugs
  3 leopard geckos
  44 orcs
  3 ball pythons
  10 bats
  3 giant cockroaches
  6 goblins
  8 hobgoblins
  6 jackals
  2 quokkas
  5 frilled lizards
  A jackal zombie (D:7)
  8 kobolds
  A leopard gecko skeleton (D:4)
  A leopard gecko zombie (D:9)
  A quokka zombie (D:8)
  30 rats
  A spectral orc (D:7)
275 creatures vanquished.

Vanquished Creatures (collateral kills)
  A hill giant (D:9)
  A wight (D:7)
  A gnoll (D:7)
3 creatures vanquished.

Vanquished Creatures (others)
  A dancing weapon (D:7)
1 creature vanquished.

Grand Total: 279 creatures vanquished

Notes
Turn   | Place    | Note
-------+----------+-------------------------------------------
     0 | D:1      | ImaNewbie the Spriggan Enchanter began the quest for the Orb.
     0 | D:1      | Reached XP level 1. HP: 9/9 MP: 5/5
   370 | D:1      | Reached XP level 2. HP: 13/13 MP: 6/6
   409 | D:1      | Learned a level 2 spell: Ensorcelled Hibernation
   900 | D:2      | Reached XP level 3. HP: 16/16 MP: 5/8
  1191 | D:2      | Found a shimmering altar of Xom.
  1198 | D:2      | Found a hide-covered altar of Uskayaw.
  1198 | D:2      | Found an opulent altar of Gozag.
  1201 | D:2      | Found a sacrificial altar of Ru.
  1203 | D:2      | Found a sparkling altar of Nemelex Xobeh.
  1459 | D:2      | Reached skill level 5 in Hexes
  1459 | D:2      | Reached XP level 4. HP: 15/21 MP: 2/9
  2225 | D:3      | Found a shattered altar of Ashenzari.
  2249 | D:3      | Noticed Sigmund
  2267 | D:3      | Killed Sigmund
  2267 | D:3      | Reached XP level 5. HP: 24/24 MP: 8/10
  2267 | D:3      | Reached XP level 6. HP: 28/28 MP: 8/11
  2481 | D:3      | HP: 1/28 [orc/flail (8)]
  3270 | D:3      | Found a runed door.
  3274 | D:3      | Noticed Crazy Yiuf
  3279 | D:3      | Killed Crazy Yiuf
  3279 | D:3      | Reached skill level 5 in Short Blades
  3475 | D:4      | Found Kuviul Ilisch's Gadget Shop.
  3503 | D:4      | Noticed Eustachio
  3550 | D:4      | Killed Eustachio
  3550 | D:4      | Reached XP level 7. HP: 31/32 MP: 4/12
  4335 | D:5      | Entered Level 5 of the Dungeon
  4357 | D:5      | Found a radiant altar of Vehumet.
  4764 | D:5      | Learned a level 3 spell: Confuse
  4768 | D:5      | Learned a level 3 spell: Tukima's Dance
  4975 | D:5      | Reached XP level 8. HP: 22/36 MP: 0/15
  5112 | D:5      | Found a glowing golden altar of the Shining One.
  5216 | D:5      | Found a bloodstained altar of Trog.
  5419 | D:6      | Reached skill level 5 in Spellcasting
  5546 | D:6      | Noticed Menkaure
  5561 | D:6      | Killed Menkaure
  5561 | D:6      | Reached skill level 5 in Stealth
  6077 | D:6      | Reached skill level 6 in Stealth
  6111 | D:6      | Found a staircase to the Ecumenical Temple.
  6118 | Temple   | Entered the Ecumenical Temple
  6129 | Temple   | Became a worshipper of Warmaster Okawaru
  6291 | D:6      | Reached skill level 5 in Dodging
  6427 | D:7      | Reached XP level 9. HP: 39/39 MP: 21/21
  7027 | D:7      | Found an opulent altar of Gozag.
  7115 | D:7      | Reached skill level 7 in Stealth
  7122 | D:7      | Reached * piety under Okawaru
  7185 | D:7      | Found a shadowy altar of Dithmenos.
  7585 | D:7      | Learned a level 3 spell: Ozocubu's Armour
  7636 | D:7      | Found a shimmering altar of Xom.
  7944 | D:7      | Reached skill level 8 in Stealth
  7948 | D:7      | Reached ** piety under Okawaru
  8011 | D:7      | Found a basalt altar of Yredelemnul.
  8049 | D:8      | Noticed Psyche
  8062 | D:8      | Killed Psyche
  8062 | D:8      | Reached skill level 10 in Spellcasting
  8062 | D:8      | Reached skill level 1 in Charms
  8062 | D:8      | Reached skill level 1 in Ice Magic
  8355 | D:8      | Found a blossoming altar of Fedhas.
  8393 | D:8      | Found Hog Qoc's Antique Armour Boutique.
  8449 | D:8      | Noticed a polar bear
  8525 | D:8      | Reached XP level 10. HP: 33/44 MP: 18/25
  8593 | D:8      | Reached *** piety under Okawaru
  8706 | D:8      | Found a snail-covered altar of Cheibriados.
  8955 | D:8      | Reached skill level 5 in Charms
  9615 | D:9      | Noticed a hill giant
  9643 | D:9      | Killed a hill giant
  9648 | D:9      | Learned a level 3 spell: Dazzling Spray
  9678 | D:9      | Reached skill level 1 in Evocations
  9932 | D:9      | Found an iron altar of Okawaru.
  9957 | D:9      | Noticed a cyan ugly thing
  9970 | D:9      | Killed a cyan ugly thing
 10119 | D:9      | Noticed eXcel's ghost (novice MiGl)
 10183 | D:9      | Found a staircase to the Orcish Mines.
 10224 | D:9      | Reached skill level 9 in Stealth
 10605 | D:9      | Reached **** piety under Okawaru
 11188 | D:10     | Entered Level 10 of the Dungeon
 11188 | D:10     | Noticed a hill giant
 11213 | D:10     | Reached skill level 10 in Stealth
 11282 | D:10     | Found a staircase to the Lair.
 11497 | D:10     | Found Kuuv's Antique Armour Boutique.
 11595 | D:10     | Killed a hill giant
 11595 | D:10     | Reached XP level 11. HP: 47/47 MP: 21/26
 11718 | Orc:1    | Entered Level 1 of the Orcish Mines
 12019 | Orc:1    | Reached ***** piety under Okawaru
 12313 | Orc:2    | Entered Level 2 of the Orcish Mines
 12362 | Orc:2    | Noticed an orc knight
 12435 | Orc:2    | Noticed an orc sorcerer
 12573 | Orc:2    | Received a gift from Okawaru
 12688 | Orc:1    | Reached skill level 11 in Stealth
 12736 | Orc:2    | Reached skill level 10 in Dodging
 12936 | Orc:1    | Mangled by an orc warrior

Skill      XL: |  1  2  3  4  5  6  7  8  9 10 11 |
---------------+----------------------------------+-----
Short Blades   | 2 3 4 5 6 8 |  8.7
Hexes          | 4 5 6 7 8 9 |  9.0
Spellcasting   | 4 7 10 | 10.0
Stealth        | 6 8 10 11 | 11.2
Dodging        | 5 7 9 10 | 10.2
Charms         | 3 7 |  7.7
Ice Magic      | 1 2 |  2.9
Evocations     | 1 |  1.1

Action                   |  1- 3 |  4- 6 |  7- 9 | 10-12 || total
-------------------------+-------+-------+-------+-------++-------
Melee: Dagger            |   119 |   165 |   154 |       ||   438
       Rapier            |       |       |   154 |   293 ||   447
 Cast: Ensorcelled Hiber |    10 |    11 |    75 |    64 ||   160
       Confuse           |       |       |    10 |    17 ||    27
       Tukima's Dance    |       |       |     4 |     1 ||     5
       Ozocubu's Armour  |       |       |       |     3 ||     3
  Use: Scroll            |     3 |       |    10 |       ||    13
 Stab: Sleeping          |    11 |    16 |    48 |    50 ||   125
       Confused          |       |       |     6 |     9 ||    15
       Distracted        |       |       |     2 |     3 ||     5
  Eat: Royal jelly       |       |     1 |       |       ||     1
       Pizza             |       |       |     1 |       ||     1
       Bread ration      |       |       |     1 |     1 ||     2
Armor: Robe              |    13 |    15 |    23 |    23 ||    74
Dodge: Dodged            |    93 |    95 |   156 |   184 ||   528
